 Dungeon Crawl Stone Soup version 0.31-a0-618-g7ca08c1ff9 (webtiles) character file.

Game seed: 2110489407569780452

51 mdonais the Trooper (level 3, -1/26 HPs)
             Began as an Octopode Reaver on Aug 22, 2023.
             Slain by a gnoll
             ... wielding a +0 flail
              (5 damage)
             ... on level 2 of the Dungeon.
             The game lasted 00:04:43 (1310 turns).

mdonais the Trooper (Octopode Reaver)               Turns: 1310, Time: 00:04:44

Health: -1/26      AC:  1    Str: 11    XL:     3   Next: 83%
Magic:  6/6        EV: 13    Int: 15    God:
Gold:   53         SH:  0    Dex: 12    Spells: 1/6 levels left

rFire   . . .        a - +0 short sword
rCold   . . .        (no shield)
rNeg    . . .        (helmet restricted)
rPois   .            (no amulet)
rElec   .            (no ring)
rCorr   .            (no ring)
SInv    .            (no ring)
Will    .....        (no ring)
Stlth   +++          (no ring)
HPRegen 0.24/turn    (no ring)
MPRegen 0.10/turn    (no ring)
                     (no ring)

%: no passive effects
@: no status effects
A: almost no armour, amphibious, 8 rings, camouflage 1, gelatinous body 1,
(nimble swimmer 1), tentacles
a: no special abilities


You were on level 2 of the Dungeon.
You visited 1 branch of the dungeon, and saw 3 of its levels.

You collected 100 gold pieces.
You spent 47 gold pieces at shops.

Inventory:

Hand Weapons
 a - a +0 short sword (weapon)
 h - a +0 dagger
   (You took it off a goblin on level 1 of the Dungeon)
Scrolls
 b - 2 scrolls of identify {unknown}
 e - a scroll of enchant armour {unknown}
 g - a scroll of immolation {unknown}
 i - a scroll of brand weapon {unknown}
 k - 4 scrolls of teleportation {unknown}
 l - a scroll of enchant weapon {unknown}
 m - a scroll of fog {unknown}
Potions
 c - 2 potions of mutation {unknown}
 d - 2 potions of attraction {unknown}
 f - a potion of haste {unknown}
 j - 2 potions of berserk rage {unknown}


   Skills:
 + Level 3.1 Fighting
 - Level 3.0 Short Blades
 - Level 2.0 Dodging
 - Level 3.0 Stealth
 - Level 2.0 Spellcasting
 - Level 3.0 Conjurations
 + Level 0.6 Translocations


You had one spell level left.
You knew the following spells:

 Your Spells              Type           Power      Damage    Failure   Level
a - Kiss of Death         Conj/Necr      24%        2d7       12%         1
b - Momentum Strike       Conj/Tloc      14%        3d8       16%         2
c - Ensorcelled Hibernat  Hex/Ice        2%         N/A       32%         2

Your spell library contained the following spells:

 Spells                   Type           Power      Damage    Failure   Level
 Apportation              Tloc           6%         N/A       17%         1
 Necrotise                Necr           4%         1d4       22%         1
 Summon Small Mammal      Summ           4%         N/A       22%         1
 Passwall                 Tmut/Erth      0%         N/A       32%         2
 Hailstorm                Conj/Ice       6%         3d4       34%         3
 Inner Flame              Hex/Fire       1%         N/A       54%         3
 Swiftness                Air            1%         N/A       54%         3
 Yara's Violent Unravell  Hex/Tmut       0%         3d3       99%         5
 Enfeeble                 Hex            0%         N/A       100%        7


Dungeon Overview and Level Annotations

Branches:
Dungeon (3/15) Zot: 16700

Altars:

Shops:
D:2 *


Innate Abilities, Weirdness & Mutations

You cannot wear most types of armour.
You are amphibious.
You can wear up to eight rings at the same time.
Your skin changes colour to match your surroundings (Stealth+).
Your rubbery body absorbs attacks. (AC +1, EV +1)
((You are camouflaged when in or above water. (Stealth+)))
You have tentacles for arms and can constrict up to eight enemies at once.


Message History

Found 6 stones.
Found Agejya's Assorted Antiques.
A hobgoblin is nearby!
A hobgoblin comes into view.
You hit the hobgoblin but do no damage. Your grab misses the hobgoblin.
You squeeze the hobgoblin.
The hobgoblin is almost dead.
The hobgoblin hits you.
You take 4 damage, and have 21/25 hp.
You hit the hobgoblin.
You kill the hobgoblin!
The hobgoblin shouts!
You closely miss the hobgoblin. Your grab misses the hobgoblin.
You squeeze the hobgoblin.
You kill the hobgoblin!
No target in view!
HP restored.
There is an entrance to Agejya's Assorted Antiques here.
You see here a hobgoblin corpse.
k - a scroll labelled KUFREDWUIPU;
j - 2 fuming blue potions (gained 1) Thank you for shopping at Agejya's Assorted Antiques!
You can access your shopping list by pressing '$'.
Health restored: 25 An endoplasm comes into view.
The helpless endoplasm fails to defend itself.
You puncture the endoplasm!
You kill the endoplasm!
Your Fighting skill increases to level 3!
Health restored: 26 No target in view!
You pick up a book of Cantrips and begin reading...
You add the spells Necrotise, Summon Small Mammal and Apportation to your library.
Okay, then.
l - a scroll labelled HERCHA QA JOTZ A worm comes into view.
No target in view!
No target in view!
No target in view!
No target in view!
No target in view!
No target in view!
No target in view!
No target in view!
No target in view!
You completely miss the worm. Your grab misses the worm. You squeeze the worm!
The worm is heavily wounded.
The worm bites you.
You take 2 damage, and have 24/26 hp.
You hit the worm. You grab the worm. You squeeze the worm.
The worm is severely wounded.
You constrict the worm, but do no damage.
You hit the worm but do no damage.
The worm is severely wounded.
You constrict the worm. The worm barely misses you.
You hit the worm.
The worm is almost dead.
You constrict the worm, but do no damage.
You hit the worm but do no damage.
The worm is almost dead.
You constrict the worm, but do no damage.
The worm bites you!
You take 9 damage, and have 16/26 hp.
MASSIVE DAMAGE!!
You hit the worm.
You kill the worm!
No target in view!
Found a book of Cantrips.
Health restored: 26 You see here a book of Cantrips.
You pick up a book of Cantrips and begin reading...
Unfortunately, you learned nothing new.
You see here a +0 ring mail.
There is a stone staircase leading down here.
You see here a quokka skeleton.
m - a scroll labelled AFUBBO YVICOKK
There is a stone staircase leading up here.
Found a dagger.
Found a barding.
Found 3 scrolls labelled KUFREDWUIPU.
You see here a +0 barding.
You see here a +0 barding.
k - 4 scrolls labelled KUFREDWUIPU (gained 3)
A ball python comes into view.
A ball python is nearby!
The helpless ball python fails to defend itself.
You puncture the ball python!
You kill the ball python!
No target in view!
No target in view!
No target in view!
No target in view!
No target in view!
No target in view!
Done exploring.
Done exploring.
Done exploring.
Search for what [Enter for "."]? .
There is a stone staircase leading up here.
There is a stone staircase leading down here.
You climb downwards.
There is a stone staircase leading up here. 2 gnolls come into view.
The gnoll shouts! x2; You hear a shout!
A giant cockroach comes into view.
You hear a shout!
There is a stone staircase leading up here.
The gnoll completely misses you. The gnoll hits you with a +0 spear.
You take 5 damage, and have 21/26 hp.
You hit the gnoll but do no damage. You grab the gnoll.
You constrict the gnoll. You hit the gnoll. You squeeze the gnoll.
The gnoll is moderately wounded.
You constrict the gnoll. The gnoll hits you with a +0 spear.
A gnoll comes into view. It is wielding a +0 flail.
You take 4 damage, and have 17/26 hp.
The gnoll shouts!
You hit the gnoll.
The gnoll is heavily wounded.
You constrict the gnoll, but do no damage.
The gnoll barely misses you.
You hit the gnoll but do no damage.
You squeeze the gnoll, but do no damage.
The gnoll is heavily wounded.
You constrict the gnoll. The gnoll barely misses you.
You hit the gnoll but do no damage.
The gnoll is severely wounded.
You constrict the gnoll. The gnoll barely misses you.
You hit the gnoll.
You kill the gnoll!
A hobgoblin comes into view.
There is a stone staircase leading up here.
The gnoll closely misses you.
You climb upwards.
There is a stone staircase leading down here.
You barely miss the gnoll. Your grab misses the gnoll.
You squeeze the gnoll, but do no damage.
The gnoll hits you with a +0 flail!
You take 10 damage, and have 9/26 hp.
MASSIVE DAMAGE!!
You are too injured to fight recklessly!
You are too injured to fight recklessly!
You hit the gnoll. Your grab misses the gnoll. You squeeze the gnoll.
The gnoll is heavily wounded.
You hit the gnoll but do no damage. You grab the gnoll.
The gnoll is heavily wounded.
You constrict the gnoll. The gnoll hits you with a +0 flail.
* * * LOW HITPOINT WARNING * * *
You take 6 damage, and have 3/26 hp.
MASSIVE DAMAGE!!
You hit the gnoll.
The gnoll is almost dead.
You constrict the gnoll. The gnoll hits you with a +0 flail.
You die...

#....#.#...<.....# ###.# #...#.#.
#....#.#.........# #...# #...#...
#....#.#.........###.### ##...##.
#....#.####.....###..# ####.###
#.)..#...##.....###.######.......
#..........................###...
#....###.##.....#...######## ##..
#....# #.##....g..### #.. #....#
#.##.....@..# ##.# #..).#
#.##.....#..## ####..# ####.#
#..#.........## #..#.## #.#
##.#.....###[.######..#.## #.##
#.#####..###...#.......##
#..###.####....####..(####..#
##..##.#....##.##....## #..#
##..#.#.#####....##.#####..#
##.#.#.####............####


You could see a gnoll.

Vanquished Creatures
  A gnoll (D:3)
  A worm (D:2)
  2 dart slugs (D:1)
  2 bats (D:1)
  5 endoplasms
  A giant cockroach (D:1)
  3 goblins
  6 hobgoblins
  A kobold (D:1)
  A quokka (D:2)
  5 ball pythons
  A frilled lizard (D:1)
  2 rats (D:1)
31 creatures vanquished.

Notes
Turn   | Place    | Note
-------+----------+-------------------------------------------
     0 | D:1      | mdonais the Octopode Reaver began the quest for the Orb.
     0 | D:1      | Reached XP level 1. HP: 14/14 MP: 3/3
    29 | D:1      | Reached skill level 1 in Stealth
   288 | D:1      | Reached XP level 2. HP: 19/19 MP: 5/5
   553 | D:1      | Reached XP level 3. HP: 10/25 MP: 6/6
   871 | D:2      | Learned a level 2 spell: Momentum Strike
   874 | D:2      | Learned a level 2 spell: Ensorcelled Hibernation
   902 | D:2      | Found Agejya's Assorted Antiques.
   925 | D:2      | Bought a scroll labelled KUFREDWUIPU for 25 gold pieces
   925 | D:2      | Bought a fuming blue potion for 22 gold pieces
  1310 | D:2      | Slain by a gnoll

Illustrated notes

Levels and vault maps discovered:
D:1:      ncdulo_lavacross, layout_basic
D:2:      layout_rooms, serial_shops, shop
D:3:      layout_basic, hellmonk_ecumenical_altar_zigzags, ebering_ghost_gozag,
          uniq_crazy_yiuf_cottage

Skill      XL: |  1  2  3 |
---------------+----------+-----
Stealth        | 2 3 |  3.0
Fighting       | 3 |  3.1
Short Blades   | |  3.0
Dodging        | |  2.0
Spellcasting   | |  2.0
Conjurations   | |  3.0
Translocations | |  0.6

Action                     || total
---------------------------++-------
  Melee: Short sword       ||    58
         Constrict         ||    13
         Tentacles         ||    17
         Dagger            ||    12
         Punch             ||     3
   Stab: Sleeping          ||     9
 Armour: Skin              ||     6
  Dodge: Dodged            ||    36

Table legend: (Time is in decaauts)
 A = Elapsed time spent in this place.
 B = Non-inter-level travel time spent in this place.
 C = Inter-level travel time spent in this place.
 D = Time resting spent in this place.
 E = Time spent auto-exploring this place.
 F = Levels seen in this place.
 G = Mean time per level.
                   A        B        C        D        E       F      G
               +--------+--------+--------+--------+--------+-----+--------+
         Total |   1299 |   1225 |     74 |      0 |   1010 |   3 |  433.0 |
       Dungeon |   1299 |   1225 |     74 |      0 |   1010 |   3 |  433.0 |
               +--------+--------+--------+--------+--------+-----+--------+

Top non-repeatable levels by time:
     D:1: 747 daAuts
     D:2: 534 daAuts
     D:3: 17 daAuts
